 Dungeon Crawl Stone Soup version 0.29.1-1-gd02db6906a (webtiles) character file.

Game seed: 12139544479159769819

3 Icepheonix32 the Caller (level 1, 0/13 HPs)
             Began as a Merfolk Summoner on Oct 9, 2022.
             Slain by a bat (1 damage)
             ... on level 1 of the Dungeon.
             The game lasted 00:00:24 (163 turns).

Icepheonix32 the Caller (Merfolk Summoner)           Turns: 163, Time: 00:00:24

Health: 0/13       AC:  2    Str:  8    XL:     1   Next: 50%
Magic:  1/3        EV: 12    Int: 14    God:
Gold:   0          SH:  0    Dex: 14    Spells: 3/4 levels left

rFire   . . .      SeeInvis .   (no weapon)
rCold   . . .      Faith    .   (no shield)
rNeg    . . .      Spirit   .   a - +0 robe
rPois   .          Reflect  .   (no helmet)
rElec   .          Harm     .   (no cloak)
rCorr   .          Rampage  .   (no gloves)
Will    .....                   (no boots)
Stlth   ++........              (no amulet)
HPRegen 0.04/turn               (no ring)
MPRegen 0.08/turn               (no ring)

@: no status effects
A: (nimble swimmer 2), mertail
a: no special abilities


You were on level 1 of the Dungeon.
You visited 1 branch of the dungeon, and saw 1 of its levels.

Inventory:

Armour
 a - a +0 robe (worn)
Potions
 b - a potion of magic
 c - a potion of degeneration {unknown}


   Skills:
 - Level 2.6 Dodging
 - Level 2.1 Stealth
 - Level 2.0 Spellcasting
 + Level 4.2 Summonings


You had 3 spell levels left.
You knew the following spells:

 Your Spells              Type           Power      Damage    Failure   Level
a - Summon Small Mammal   Summ           52%        N/A       4%          1

Your spell library contained the following spells:

 Spells                   Type           Power      Damage    Failure   Level
 Call Imp                 Summ           13%        N/A       6%          2
 Call Canine Familiar     Summ           13%        N/A       13%         3
 Summon Guardian Golem    Hex/Summ       7%         N/A       30%         3
 Summon Lightning Spire   Summ/Air       7%         N/A       69%         4


Dungeon Overview and Level Annotations

Branches:
Dungeon (1/15)

Altars:


Innate Abilities, Weirdness & Mutations

((You are very nimble when in or above water. (Stealth+, EV+, Speed+++)))
Your lower body shifts to a powerful aquatic tail in water.


Message History

The bat hits you but does no damage. x2; The rat barely misses you.
Your rat closely misses the bat.
You hit the rat but do no damage. The bat hits you but does no damage.
The bat closely misses you. The rat bites you.
You are too injured to fight recklessly!
You are too injured to fight recklessly!
You are too injured to fight recklessly!
You are too injured to fight recklessly!
You are too injured to fight recklessly!
You are too injured to fight recklessly!
You are too injured to fight recklessly!
You are too injured to fight recklessly!
Casting: Summon Small Mammal (safe; 4% risk of failure)
Confirm with . or Enter, or press ? or * to list all spells.
You miscast Summon Small Mammal.
You are very lightly contaminated with residual magic.
Nothing appears to happen.
The bat closely misses you. The bat barely misses you.
The rat closely misses you. The rat attacks as you move away!
The rat bites you. The bat hits your rat. The bat hits you.
The rat attacks as you move away! The rat bites you.
* * * LOW HITPOINT WARNING * * *
The bat hits you but does no damage.
Casting: Summon Small Mammal (safe; 4% risk of failure)
Confirm with . or Enter, or press ? or * to list all spells.
The bat hits you.
* * * LOW HITPOINT WARNING * * *
The bat hits your quokka but does no damage.
The rat bites you.
* * * LOW HITPOINT WARNING * * *
Your rat disappears in a puff of smoke!
The bat hits your quokka but does no damage.
The bat hits you but does no damage.
Your quokka bites the rat.
The rat dies!
A kobold comes into view. It is wielding a +0 short sword.
The bat closely misses you. The bat misses you.
Your quokka bites the bat.
The bat closely misses you. x2
Your magical contamination has completely faded away.
The bat barely misses you. The bat hits you.
You die...

#..... K$.....
#..... #..(.##
#..... #......
#.....####...#
###
#............##
#.##
##........r...#
...#
...............#
...♣
#######....b...#
...♣ #....@b..#
...♣ #........#
##'# #........#
#..# #........#
#..# #........#
#..# #........#
#++# #........#
#####?.......#
####............#


You could see 2 bats and a friendly quokka (summoned).

Vanquished Creatures (collateral kills)
  A hobgoblin (D:1)
  2 bats (D:1)
  A rat (D:1)
4 creatures vanquished.

Notes
Turn   | Place    | Note
-------+----------+-------------------------------------------
     0 | D:1      | Icepheonix32 the Merfolk Summoner began the quest for the
                  | Orb.
     0 | D:1      | Reached XP level 1. HP: 13/13 MP: 3/3
   163 | D:1      | Slain by a bat

Illustrated notes

Levels and vault maps discovered:
D:1:      sevenhm_arrival_forest_fort_small_5, layout_basic,
          basic_ecumenical_altar

Action                   || total
-------------------------++-------
Melee: Unarmed           ||    16
 Cast: Summon Small Mamm ||     5
Armor: Robe              ||    14
Dodge: Dodged            ||    31
